 Dungeon Crawl Stone Soup version 0.25.0-15-gac7dcb8919 (webtiles) character file.

Game seed: 15819350619108142943

37 protoss039 the Digger (level 3, -1/19 HPs)
             Began as a Deep Elf Earth Elementalist on June 29, 2020.
             Slain by a goblin (4 damage)
             ... led by Robin
             ... on level 2 of the Dungeon.
             The game lasted 00:04:04 (860 turns).

protoss039 the Digger (Deep Elf Earth Elementalist)  Turns: 860, Time: 00:04:04

Health: -1/19      AC:  2    Str:  5    XL:     3   Next: 23%
Magic:  4/9        EV: 13    Int: 20    God:
Gold:   88         SH:  0    Dex: 15    Spells: 7/8 levels left

rFire    . . .     SeeInvis .   i - +1 dagger (holy)
rCold    . . .     Gourm    .   (no shield)
rNeg     . . .     Faith    .   c - +0 robe
rPois    .         Spirit   .   (no helmet)
rElec    .         Reflect  .   (no cloak)
rCorr    .         Harm     .   (no gloves)
MR       .....                  (no boots)
Stlth    ++........             (no amulet)
HPRegen  0.06/turn              (no ring)
MPRegen  0.11/turn              (no ring)

@: no status effects
A: no striking features
a: no special abilities


You were on level 2 of the Dungeon.
You were not hungry.

You visited 1 branch of the dungeon, and saw 2 of its levels.

You collected 88 gold pieces.

Inventory:

Hand Weapons
 i - a +1 dagger of holy wrath (weapon)
Missiles
 b - 63 stones (quivered)
Armour
 c - a +0 robe (worn)
Jewellery
 m - a cursed ring of teleportation {unknown}
Scrolls
 h - 3 scrolls of identify {unknown}
 j - a scroll of immolation {unknown}
 k - a scroll of amnesia {unknown}
 l - a scroll of enchant armour {unknown}
Potions
 a - 2 potions of resistance {unknown}
 e - a potion of curing {unknown}
 f - a potion of brilliance {unknown}
Comestibles
 d - 3 rations
 g - 2 chunks of flesh


   Skills:
 - Level 2.4 Dodging
 - Level 2.4 Stealth
 - Level 3.0 Spellcasting
   Level 1.1 Transmutations
 * Level 4.8 Earth Magic


You had 7 spell levels left.
You knew the following spells:

 Your Spells              Type           Power        Failure   Level  Hunger
a - Sandblast             Erth           ###...       1%          1    None

Your spell library contained the following spells:

 Spells                   Type           Power        Failure   Level  Hunger
 Passwall                 Tmut/Erth      ##......     6%          2    ##.....
 Stone Arrow              Conj/Erth      ##....       16%         3    ###....
 Petrify                  Tmut/Erth      ##......     38%         4    ####...
 Lee's Rapid Deconstruct  Erth           ###.......   47%         5    ######.


Dungeon Overview and Level Annotations

Branches:
Dungeon (2/15)

Altars:
Ashenzari

Annotations:
D:2 Robin


Message History

The hobgoblin hits you with a +0 club! The goblin misses you.
A goblin comes into view.
The goblin closely misses you.
Found a shattered altar of Ashenzari.
A goblin and a hobgoblin come into view.
The hobgoblin shouts!
The goblin shouts! x2
Robin throws the goblin at you!
* * * LOW HITPOINT WARNING * * *
The goblin barely misses you.
A goblin comes into view. It is wielding a +0 dagger.
Okay, then.
Robin says, "Feeling lonely?"
The goblin no longer looks unusually strong.
The hobgoblin no longer looks unusually strong.
The goblin hits you.
* * * LOW HITPOINT WARNING * * *
The hobgoblin no longer looks unusually strong.
Robin throws the goblin at you! The goblin hits you.
You die...

#...... #††# #. ###
#...... #.)#...
.... ..... #..)>#
#.#..####.####).#.#
#.##....g.......#
#.# ###.#.......#
#.# #...gg..###...#
#.###.g.....# .###
#.g@gg......# ..
#.###g.(....# ###
####.# #.......#
#....# #.......#
#.##.# #.......#
#.##.# #.......#
#.##.# #.......#
#....# #########
.###).#


You could see Robin, 2 hobgoblins and 5 goblins.

Vanquished Creatures
  A dart slug (D:2)
  2 leopard geckos
  A ball python (D:2)
  3 bats
  A giant cockroach (D:2)
  10 goblins
  A hobgoblin (D:2)
  4 jackals (D:1)
  A frilled lizard (D:2)
  2 kobolds (D:2)
  2 rats (D:1)
28 creatures vanquished.

Notes
Turn   | Place    | Note
-------+----------+-------------------------------------------
     0 | D:1      | protoss039 the Deep Elf Earth Elementalist began the quest
                  | for the Orb.
     0 | D:1      | Reached XP level 1. HP: 10/10 MP: 6/6
   158 | D:1      | Reached XP level 2. HP: 15/15 MP: 4/8
   159 | D:1      | Reached skill level 4 in Earth Magic
   384 | D:1      | You fall into a shaft and drop 1 floor!
   417 | D:2      | Noticed Terence
   786 | D:2      | Reached XP level 3. HP: 19/19 MP: 5/9
   841 | D:2      | Noticed Robin
   853 | D:2      | Found a shattered altar of Ashenzari.
   860 | D:2      | Slain by a goblin

Illustrated notes

Levels and vault maps discovered:
D:1:      zelgadis_glass_arrival_small, layout_loops_ring
D:2:      layout_basic, old_standard_altar, first_ration,
          minmay_misc_feat_hallway, chequers_serial_rivers_room_a, uniq_robin,
          uniq_terence

Skill      XL: |  1  2 |
---------------+-------+-----
Earth Magic    | 4 |  4.8
Dodging        | |  2.4
Stealth        | |  2.4
Spellcasting   | |  3.0
Transmutations | |  1.1

Action                   || total
-------------------------++-------
Melee: Dagger            ||     3
 Cast: Sandblast         ||    32
 Stab: Sleeping          ||     1
Armor: Robe              ||     2
Dodge: Dodged            ||     9
